Map: Beckett Industries LE

Players

Högi

  • Race: Zerg Zerg
  • League: Silver

FireDragon - Winner!

  • Race: Terran Terran

VOD

Have the link to the VOD?

Description

Time

  • Played on: Nov. 3, 2021, 6:21 p.m.
  • Length: 7:14
Show
View Real Time Build Order
Export as new Build Order

Högi Zerg 

Build Orders: Hatch First, Zergling Baneling 

Get SALT Encoding   

  12  0:02  Drone  
  13  0:12  Overlord  
  13  0:16  Drone  
  14  0:30  Drone  
  14  0:31  Drone  
  16  0:39  Drone  
  17  0:50  Drone  
  18  1:00  Hatchery  
  18  1:03  Drone  
  18  1:16  Spawning Pool  
  18  1:18  Drone  
  18  1:22  Extractor  
  17  1:38  Drone x2  
  19  1:49  Drone  
  20  2:09  Drone x2  
  22  2:17  Drone x2  
  24  2:26  Overlord  
  24  2:28  Drone  
  25  2:41  Baneling Nest  
  24  2:50  Overlord x2  
  24  2:51  Drone x2  
  24  2:58  Drone x2  
  27  3:06  Extractor  
  23  3:34  Hatchery  
  22  3:53  Zergling x12  
  28  3:56  Metabolic Boost  
  24  4:19  Zergling x4  
  26  4:29  Zergling x2  
  27  4:40  Roach Warren  
  27  4:43  Zergling x2  
  27  4:47  Baneling x3  
  27  4:48  Baneling x5  
  21  5:17  Zergling x12  
  27  5:24  Baneling x2  
  27  5:31  Queen  
  27  5:33  Zergling x2  
  27  5:34  Zergling x2  
  27  5:35  Queen  
  31  5:39  Baneling x4  
  31  5:40  Baneling x2  
  33  5:48  Roach x2  
  37  6:17  Roach x3  
  43  6:21  Baneling x2  
  43  6:22  Baneling x8  
  43  6:25  Zergling x2  
Show
View Real Time Build Order
Export as new Build Order

FireDragon Terran - Winner!

Build Orders:  

Get SALT Encoding   

  12  0:41  Command Center  
  12  0:44  SCV  
  13  0:52  Refinery  
  13  0:56  SCV  
  14  1:08  SCV, Refinery  
  15  1:26  Engineering Bay  
  15  1:38  Supply Depot  
  15  1:53  SCV  
  16  2:12  Barracks  
  16  2:27  Planetary Fortress  
  16  2:40  Hi-Sec Auto Tracking  
  16  2:48  Engineering Bay  
  16  3:04  SCV  
  17  3:16  SCV  
  18  3:28  SCV  
  19  3:40  SCV, Barracks Reactor  
  20  3:50  Factory  
  20  4:25  Marine, Refinery  
  20  4:26  Marine  
  22  4:35  Factory Tech Lab  
  22  4:43  Marine x2  
  24  5:01  Marine x2  
  24  5:19  Marine x2  
  26  5:23  Siege Tank  
  29  5:35  Factory  
  29  5:57  Armory  
  29  6:07  Planetary Fortress  
  20  6:48  Marine x2  
  22  6:55  Factory Tech Lab  
Tags
 
Add a new tag
Caveats
  • Supply blocks, unpowered buildings, or Contaminate may cause inaccurate times.
  • Supply counts are checked every 10 seconds.